 Dungeon Crawl Stone Soup version 0.31-a0-986-g5e6e4ef867 (webtiles) character file.

Game seed: 15812038261616218709

77 avis the Ducker (level 4, 21/21 HPs)
             Began as a Felid Shapeshifter on Nov 10, 2023.
             Got out of the dungeon alive.
             The game lasted 00:10:11 (1781 turns).

avis the Ducker (Felid Shapeshifter)                Turns: 1781, Time: 00:10:12

Health: 21/21      AC:  1    Str: 10    XL:     4   Next: 13%
Magic:  5/5        EV: 18    Int: 11    God:
Gold:   65         SH:  0    Dex: 17    Spells: 3/3 levels left
                                        Lives:  0   Deaths: 2

rFire   . .          .
                       - Unarmed
rCold   . . .        (shield unavailable)
rNeg    . . .        (body armour unavailable)
rPois   .            (helmet unavailable)
rElec   .            (cloak unavailable)
rCorr   .            (gloves unavailable)
SInv    +            (boots unavailable)
Will    +....        (no amulet)
Stlth   ++           g - ring of willpower
HPRegen 0.23/turn    (no ring)
MPRegen 0.09/turn

%: no passive effects
@: beast-form, quick
A: beast (slay +2), very small, claws 1, fangs 3, see invisible, speed 1, shaggy
fur 1, stealthy paws, no weapons or thrown items, no armour, multi-lived
a: Begin Untransformation


You escaped.
You were a hulking beast.
You visited 1 branch of the dungeon, and saw 3 of its levels.

You collected 65 gold pieces.

Inventory:

Jewellery
 g - a ring of willpower (left paw)
Talismans
 b - a beast talisman
 c - a flux talisman
Scrolls
 d - 2 scrolls of teleportation {unknown}
 e - 2 scrolls of identify {unknown}
 i - a scroll of torment {unknown}
Potions
 a - a potion of lignification
 f - a potion of berserk rage {unknown}
 h - a potion of enlightenment {unknown}


   Skills:
 * Level 3.0 Fighting
 - Level 4.0 Dodging
 - Level 3.1 Unarmed Combat
 - Level 3.5 Shapeshifting


You had 3 spell levels left.
You didn't know any spells.
Your spell library was empty.

Dungeon Overview and Level Annotations

Branches:
Dungeon (3/15)

Altars:
Kikubaaqudgha

Shops:
D:1 *


Innate Abilities, Weirdness & Mutations

You are a hulking beast.
Your limbs bulge with bestial killing power. (Slay +2)
You have sharp claws.
You have razor-sharp teeth.
You have supernaturally acute eyesight. (SInv)
You cover ground quickly. (Speed+)
You are covered in fur. (AC +1)
Your paws help you pounce on unaware monsters.
You are incapable of wielding weapons or throwing items.
You cannot wear armour.
You gain extra lives every three experience levels.


Message History

You bite the orc priest, but do no damage.
The orc priest is almost dead.
The orc wizard closely misses you. The orc priest closely misses you.
You scratch the orc priest but do no damage.
The orc priest is almost dead.
The orc wizard closely misses you. The orc priest barely misses you.
You closely miss the orc priest.
The orc priest is almost dead.
The orc wizard barely misses you.
The orc priest invokes the aid of Beogh against you.
Pain shoots through your body!
You die...
Your shape twists and changes as you die.
You rejoin the land of the living...
The orc priest invokes the aid of Beogh against you.
Beogh smites you!
The orc priest looks encouraged for a moment.
You scratch the orc wizard.
The orc wizard is moderately wounded.
The orc wizard closely misses you.
The orc priest mumbles some strange prayers to Beogh against you.
Beogh smites you!
Ouch! That really hurt!
You die...
Your shape twists and changes as you die.
You rejoin the land of the living...
Found a stone staircase leading up.
There is a stone staircase leading up here.
You climb upwards.
There is a stone staircase leading down here.
What level of the Dungeon? (default 2, ? - help)
There is a stone staircase leading up here.
You climb upwards.
There is a stone staircase leading down here.
You see here 6 poisoned darts.
There is an escape hatch in the floor here.
You open the door.
There is an open door here.
There is a staircase leading out of the dungeon here.
You have escaped!

......# #.............# ......#
#######♣####### ......# ###♣.#♣
#.....# ♣#♣~♣.♣.♣#♣## #.....#
#...........# #.....#
♣...........# #.....#
#..#######..# ######## ......###
♣♣..#.....#..#♣#.......
........#♣#...#.h...#...#♣#######
...#.....♣.#..#.....#..#.........
.).#......♣...#.....#...♣♣..###.#
...#....##~♣..#...).#..♣♣##.#....
........##♣#..##'#'##..# #.#...#
...#....# #...........# #....##
...#....####...........♣###.#....
####....##..#≈##.#.♣#♣♣♣....#####
##......#♣###♣.#♣ #.##.#


There were no monsters in sight!

Vanquished Creatures
  2 adders (D:2)
  A worm (D:2)
  2 dart slugs (D:1)
  7 orcs
  3 ball pythons
  6 bats
  4 endoplasms
  4 goblins
  2 hobgoblins
  4 jackals (D:1)
  A quokka (D:2)
  2 frilled lizards
  2 kobolds
  A rat (D:2)
41 creatures vanquished.

Notes
Turn   | Place    | Note
-------+----------+-------------------------------------------
     0 | D:1      | avis the Felid Shapeshifter began the quest for the Orb.
     0 | D:1      | Reached XP level 1. HP: 9/9 MP: 2/2
   162 | D:1      | Reached skill level 3 in Dodging
   162 | D:1      | Reached XP level 2. HP: 12/12 MP: 3/3
   300 | D:1      | Found Yqoxti's General Store.
   675 | D:2      | Reached XP level 3. HP: 14/16 MP: 4/4
  1080 | D:2      | Reached skill level 4 in Dodging
  1275 | D:2      | Found Emedy's Antique Armour Shop.
  1511 | D:2      | Reached XP level 4. HP: 19/20 MP: 5/5
  1696 | D:3      | Found an ancient bone altar of Kikubaaqudgha.
  1704 | D:3      | Killed from afar by an orc priest
  1714 | D:3      | Killed from afar by an orc priest
  1781 | D:$      | Got out of the dungeon alive.

Illustrated notes

Levels and vault maps discovered:
D:1:      saegor_arrival_under_anarchy, layout_basic, serial_shops,
          nicolae_shop_waterfront
D:2:      layout_basic, serial_shops, nicolae_shop_crystal
D:3:      layout_basic, kiku_gazebo_pond_becter

Skill      XL: |  1  2  3  4 |
---------------+-------------+-----
Dodging        | 3 4 |  4.0
Fighting       | 2 3 |  3.0
Unarmed Combat | |  3.1
Shapeshifting  | |  3.5

Action                     |  1- 3 |  4- 6 || total
---------------------------+-------+-------++-------
  Melee: Unarmed           |    94 |    20 ||   114
         Bite              |    14 |     4 ||    18
         Punch             |       |     1 ||     1
   Stab: Sleeping          |     2 |       ||     2
 Armour: Skin              |    19 |     9 ||    28
  Dodge: Dodged            |    80 |    18 ||    98

Table legend: (Time is in decaauts)
 A = Elapsed time spent in this place.
 B = Non-inter-level travel time spent in this place.
 C = Inter-level travel time spent in this place.
 D = Time resting spent in this place.
 E = Time spent auto-exploring this place.
 F = Levels seen in this place.
 G = Mean time per level.
                   A        B        C        D        E       F      G
               +--------+--------+--------+--------+--------+-----+--------+
         Total |   1498 |   1332 |    166 |    162 |    692 |   3 |  499.3 |
       Dungeon |   1498 |   1332 |    166 |    162 |    692 |   3 |  499.3 |
               +--------+--------+--------+--------+--------+-----+--------+

Top non-repeatable levels by time:
     D:2: 813 daAuts
     D:1: 638 daAuts
     D:3: 47 daAuts
